 Dungeon Crawl Stone Soup version 0.18-a0-1721-gc4d1f22 (webtiles) character file.

47 Galixin the Gusty (level 3, -1/20 HPs)
             Began as a Tengu Air Elementalist on Apr 9, 2016.
             Slain by Robin
             ... wielding a +0 trident
              (8 damage)
             ... on level 2 of the Dungeon.
             The game lasted 00:09:29 (1108 turns).

Galixin the Gusty (Tengu Air Elementalist)          Turns: 1108, Time: 00:09:30

Health: -1/20      AC:  2    Str:  8    XL:     3   Next: 70%
Magic:  7/7        EV: 12    Int: 16    God:
Gold:   53         SH:  0    Dex: 14    Spells: 1 memorised, 5 levels left

rFire  . . .     SeeInvis .     j - +0 hunting sling
rCold  . . .     Gourm    .     a - +0 robe
rNeg   . . .     Faith    .     (no shield)
rPois  .         Spirit   .     (helmet restricted)
rElec  .         Dismiss  .     (no cloak)
rCorr  .         Reflect  .     (no gloves)
SustAt .         Harm     .     (boots unavailable)
MR     .....                    (no amulet)
Stlth  +.........               (no ring)
                                (no ring)

@: confused, not resistant to hostile enchantments, very unstealthy
A: beak, talons 3
a: no special abilities


You were on level 2 of the Dungeon.
You were not hungry.

You visited 1 branch of the dungeon, and saw 2 of its levels.

You collected 53 gold pieces.

Inventory:

Hand Weapons
 j - a +0 hunting sling (weapon)
Missiles
 l - 7 stones (quivered)
Armour
 a - a +0 robe (worn)
Jewellery
 e - a cursed ring of loudness
Scrolls
 n - a scroll of remove curse {unknown}
 o - a scroll of fog {unknown}
 t - a scroll of enchant armour {unknown}
Potions
 f - a potion of heal wounds {unknown}
 k - a potion of berserk rage {unknown}
 m - a potion of resistance {unknown}
 p - a potion of haste {unknown}
 q - a potion of brilliance {unknown}
 r - a potion of degeneration {unknown}
Books
 b - a book of Air

   Spells                             Type                      Level
   a - Shock                          Conjuration/Air              1
   b - Swiftness                      Charms/Air                   2
   c - Repel Missiles                 Charms/Air                   2
   d - Static Discharge               Conjuration/Air              3
   e - Lightning Bolt                 Conjuration/Air              5
Comestibles
 c - a bread ration


   Skills:
 + Level 0.4 Fighting
 + Level 0.2 Slings
 + Level 2.2 Dodging
 * Level 2.6 Stealth
 + Level 2.4 Spellcasting
 + Level 1.5 Conjurations
 + Level 4.9 Air Magic


You had 5 spell levels left.
You knew the following spells:

 Your Spells              Type           Power        Failure   Level  Hunger
a - Shock                 Conj/Air       ##..         8%          1    #......


Dungeon Overview and Level Annotations

Branches:
Dungeon (2/15)

Altars:

Annotations:
D:2 Jessica, Robin


Innate Abilities, Weirdness & Mutations

You have a beak for a mouth.
You have claws for feet.


Message History

Robin is moderately wounded.
The goblin hits you.
Robin hits you from afar with a trident.
* * * LOW HITPOINT WARNING * * *
Casting: Shock
Confirm with . or Enter, or press ? or * to list all spells.
Aiming: Shock
Press: ? - help, Shift-Dir - straight line The zap hits Robin.
Robin is heavily wounded.
The goblin hits you.
* * * LOW HITPOINT WARNING * * *
Drink which item? (? for menu, Esc to quit)
You are confused.
You feel invigorated. The goblin barely misses you.
Robin hits you from afar with a trident.
* * * LOW HITPOINT WARNING * * *
The goblin closely misses you.
Robin hits you from afar with a trident!
You die...

###.........g.......
#.#g.ggg#####....$
### ....g.# #.....
....##...# #(...
#.####..## ##....
#....#...####.....
#.#.#....((#...
####.......###..S.
#@)gg).†##.##..##.
#g##..#.##.##.###.
#....###.#....?%. #.
.....#### #.###.#.##
##h .... #.# #.###
#K. ... #.# #.# #S.
?. #.# #.# . .s ###


You could see Robin and 2 goblins.

Vanquished Creatures
  2 dart slugs (D:1)
  A giant gecko (D:1)
  A ball python (D:1)
  3 giant cockroaches (D:1)
  12 goblins
  6 hobgoblins
  A jackal (D:2)
  4 kobolds (D:1)
  A quokka (D:2)
  2 bats (D:1)
  3 rats
36 creatures vanquished.

Notes
Turn   | Place    | Note
--------------------------------------------------------------
     0 | D:1      | Galixin the Tengu Air Elementalist began the quest for the Orb.
     0 | D:1      | Reached XP level 1. HP: 10/10 MP: 4/4
   247 | D:1      | Reached XP level 2. HP: 15/15 MP: 1/6
   630 | D:1      | Reached XP level 3. HP: 13/19 MP: 0/7
   876 | D:2      | Noticed Jessica
  1077 | D:2      | Noticed Robin
  1108 | D:2      | Slain by Robin

Vault maps used:
D:1:      minmay_arrival_radiant_lines, moated_statue,
          hangedman_decor_diamond_cutter, grunt_decor_arrowhead
D:2:      first_bread, uniq_robin, uniq_jessica

Action                   || total
-------------------------++-------
Melee: Unarmed           ||     3
 Fire: Hunting sling     ||     8
 Cast: Shock             ||    59
  Use: Scroll            ||     3
       Potion            ||     3
  Eat: Royal jelly       ||     1
